[Event "Early-Titled-Tuesday-Blitz-February-27-2024"]
[Site "Chess.com"]
[Date "2024.02.27"]
[Round "3"]
[White "EdmundPlayer"]
[Black "Tashik"]
[Result "0-1"]
[WhiteElo "2266"]
[BlackElo "2500"]
[TimeControl "180+1"]
[EndTime "8:26:37 PST"]
[Termination "Tashik won by resignation"]

1. Nf3 d5 2. g3 c5 3. Bg2 Nc6 4. c4 d4 5. d3 e5 6. O-O f6 7. a3 a5 8. b3 Bg4 9. h3 Be6 10. e3 Qd7 11. Kh2 Nge7 12. Qc2 Ng6 13. Nbd2 Be7 14. Bb2 O-O 15. Rae1 Rfd8 16. Ne4 dxe3 17.
Rxe3 Bf8 18. Ne1 Rab8 19. Nc3 Nd4 20. Qd1 b5 21. Nd5 a4 22. bxa4 bxc4 23. Bc3 Bxd5 0-1

[Event "Early-Titled-Tuesday-Blitz-February-27-2024"]
[Site "Chess.com"]
[Date "2024.02.27"]
[Round "3"]
[White "Sam_ChessMood"]
[Black "FMStan15"]
[Result "1-0"]
[WhiteElo "2942"]
[BlackElo "2094"]
[TimeControl "180+1"]
[EndTime "8:26:39 PST"]
[Termination "Sam_ChessMood won by resignation"]

1. d4 Nf6 2. c4 g6 3. Nc3 Bg7 4.
e4 d6 5. Be2 O-O 6. Be3 Nbd7 7.
Nf3 e5 8. d5 a5 9. O-O Nc5 10.
Nd2 b6 11. b3 Ne8 12. a3 f5 13. b4 Nb7 14. Nb3 f4 15. Bd2 g5 16. c5 bxc5 17. bxc5 Nxc5 18. Nxc5 dxc5 19. Na4 Nd6 20. Nxc5 Qf6 21. Rc1 Qg6 22. Bh5 Qf6 23. Bg4 Bxg4 24. Qxg4 Rfb8 25. Nd7 Qg6 26. Nxb8 Rxb8 27. Bxa5 Nxe4 28.
Bxc7 Ra8 29. d6 Nxd6 30. Bxd6 Qxd6 31. Rfd1 Qxa3 32. Qe6+ Kh8 33. Rc8+ Rxc8 34. Qxc8+ Bf8 35. Qf5 Qe7 36. Rd7 1-0

[Event "Early-Titled-Tuesday-Blitz-February-27-2024"]
[Site "Chess.com"]
[Date "2024.02.27"]
[Round "3"]
[White "ASVZ"]
[Black "Sajith_Peiris"]
[Result "1-0"]
[WhiteElo "2560"]
[BlackElo "2275"]
[TimeControl "180+1"]
[EndTime "8:26:41 PST"]
[Termination "ASVZ won by resignation"]

1. e4 d6 2. d4 Nf6 3. Nc3 Nbd7 4. g4 h6 5. h3 e5 6. Nge2 Be7 7. Bg2 c6 8. a4 Qc7 9. O-O Nf8 10. f4 exf4 11. Bxf4 g5 12. Bg3 Ng6 13. Kh1 h5 14. e5 dxe5 15. dxe5 Nxg4 16. hxg4 hxg4+ 17. Kg1 Bc5+ 18. Nd4 Qb6 19. Ne2 Be6 20. c3 O-O-O 21. b4 Bxd4+ 22. Nxd4 Nh4 23. a5 Qc7 24. Nxe6 fxe6 25. Qxg4 Nf5 26. Rad1 Rdg8 27. Rd3 Kb8 28. Rxf5 exf5 29. Qxf5 Rf8 30. Qe4 Qh7 31. e6+ Ka8 32. a6 Qxe4 33. Bxe4 Rh3 34. Kg2 Rfh8 35. e7 R3h6 36. Rd8+ 1-0

[Event "Early-Titled-Tuesday-Blitz-February-27-2024"]
[Site "Chess.com"]
[Date "2024.02.27"]
[Round "3"]
[White "UK_23"]
[Black "Practical-Play"]
[Result "0-1"]
[WhiteElo "2346"]
[BlackElo "2582"]
[TimeControl "180+1"]
[EndTime "8:26:43 PST"]
[Termination "Practical-Play won by resignation"]

1. e4 e5 2. Nf3 Nc6 3. Bc4 Bc5 4.
c3 Nf6 5. d4 exd4 6. b4 Bb6 7.
e5 d5 8. Bb5 Ne4 9. cxd4 O-O 10.
Bxc6 bxc6 11. a3 Ba6 12. Bb2 f6 13. Nbd2 fxe5 14. Nxe4 dxe4 15. Nxe5 Qd5 16. Rc1 Rae8 17. Qd2 Rxe5 18. dxe5 Bxf2+ 19. Kd1 Bd3 20. Rc3 Bd4 21. Kc1 Rf2 22. Qd1 Be3+ 0-1

[Event "Early-Titled-Tuesday-Blitz-February-27-2024"]
[Site "Chess.com"]
[Date "2024.02.27"]
[Round "3"]
[White "Talcrifice"]
[Black "regenda"]
[Result "1-0"]
[WhiteElo "2558"]
[BlackElo "2260"]
[TimeControl "180+1"]
[EndTime "8:26:45 PST"]
[Termination "Talcrifice won by resignation"]

1. d4 Nf6 2. c4 c5 3. d5 e6 4.
Nc3 exd5 5. cxd5 Bd6 6. Bg5 O-O 7. Nf3 Re8 8. e3 a6 9. a4 Bc7 10. d6 Ba5 11. Bc4 Nc6 12. Qb3 Re6 13. Bxe6 fxe6 14. O-O Qf8 15. Rad1 Bxc3 16. bxc3 b5 17. axb5 axb5 18.
Ra1 Rb8 19. Bf4 Nd5 20. Bg3 Qf6 21. Rfc1 b4 22. cxb4 Rxb4 23. Qd1 c4 24. Ra8 Nb6 25. Raa1 Bb7 26. Rab1 c3 27. Rxb4 Nxb4 28. Ne5 N6d5 29. Nxd7 Qd8 30. Nc5 Bc6 31. Nxe6 Qd7 32. Nd4 Na2 33. Nxc6 Nxc1 34. Qxd5+ Kh8 35. Ne5 c2 36.
Qa8+ 1-0

[Event "Early-Titled-Tuesday-Blitz-February-27-2024"]
[Site "Chess.com"]
[Date "2024.02.27"]
[Round "3"]
[White "TregubovP"]
[Black "Chesstiger64"]
[Result "1-0"]
[WhiteElo "2689"]
[BlackElo "2345"]
[TimeControl "180+1"]
[EndTime "8:26:46 PST"]
[Termination "TregubovP won by resignation"]

1. e4 e6 2. d4 d5 3. exd5 exd5 4. Nf3 Bd6 5. c4 Nf6 6. c5 Be7 7. Bd3 b6 8. Be3 bxc5 9. dxc5 c6 10. O-O Nbd7 11.
Qc2 a5 12. Nd4 Qc7 13. Nf5 Ba6 14. Re1 Bxd3 15. Qxd3 Ne4 16. Nxe7 Kxe7 17. f3 f5 18. fxe4 fxe4 19. Bg5+ Ke6 20. Qh3+ Kf7 21. Rf1+ Nf6 22. Qh5+ Ke7 23. Bxf6+ gxf6 24. Nc3 Qe5 25. Qh6 Rag8 26.
Rae1 Qg5 27. Qxg5 Rxg5 28. Ne2 f5 29. Nd4 Kd7 30. Rxf5 Rxf5 31. Nxf5 Rb8 32. b3 Rb5 33. Rc1 a4 34. Nd4 Rb4 35. Rd1 axb3 36. axb3 Rb8 37. Kf2 Rf8+ 38. Ke3 h5 39. Ra1 h4 40. Ra7+ Ke8 41.
Ra8+ Kf7 42. Rxf8+ Kxf8 43. Nxc6 h3 44. gxh3 d4+ 45.
Nxd4 Ke7 46. Kxe4 1-0

[Event "Early-Titled-Tuesday-Blitz-February-27-2024"]
[Site "Chess.com"]
[Date "2024.02.27"]
[Round "3"]
[White "GoltsevDmitry2000"]
[Black "amanjazu"]
[Result "1-0"]
[WhiteElo "2776"]
[BlackElo "2509"]
[TimeControl "180+1"]
[EndTime "8:26:46 PST"]
[Termination "GoltsevDmitry2000 won by resignation"]

1. e4 Nf6 2. e5 Nd5 3. Nc3 Nb6 4.
d4 d6 5. exd6 cxd6 6. Nf3 g6 7.
Bd3 Bg7 8. O-O O-O 9. Re1 Bg4 10. h3 Bxf3 11. Qxf3 Nc6 12. d5 Nb4 13. Bg5 Re8 14. Bb5 Bxc3 15. bxc3 N4xd5 16. Bxe8 Qxe8 17. c4 h6 18. Bh4 g5 19. cxd5 gxh4 20. Re4 Qf8 21. Rxh4 e5 22.
dxe6 fxe6 23. Qxb7 Qf6 24. Rg4+ Kh8 25. Re1 Rf8 26.
Kh1 e5 27. Qxa7 Nd5 28. Rb1 h5 29. Rg3 h4 30. Rg4 Qh6 31. Rb7 Nf6 32. Rgb4 e4 33. Qe3 Qg6 34. Rb8 Kg8 35. Rxf8+ Kxf8 36. Rb7 Qf5 37. Qh6+ 1-0

[Event "Early-Titled-Tuesday-Blitz-February-27-2024"]
[Site "Chess.com"]
[Date "2024.02.27"]
[Round "3"]
[White "eightbyeightchess"]
[Black "tarno17"]
[Result "1-0"]
[WhiteElo "2405"]
[BlackElo "2150"]
[TimeControl "180+1"]
[EndTime "8:26:50 PST"]
[Termination "eightbyeightchess won on time"]

1. e4 c5 2. Nf3 e6 3. d4 cxd4 4. Nxd4 a6 5. Nc3 Qc7 6. Bd3 Nc6 7. Nxc6 dxc6 8. O-O Nf6 9. f4 e5 10. fxe5 Qxe5 11. Bf4 Bc5+ 12. Kh1 Qe7 13. e5 Ng4 14. Ne4 O-O 15. Qf3 Nxe5 16. Bxe5 Qxe5 17. Rae1 Be6 18. Nxc5 Qxc5 19. Qf4 Qh5 20. Re5 Qh6 21. Qf3 Bd5 22. Qg4 Rae8 23. Rh5 g6 24. Rxh6 1-0

[Event "Early-Titled-Tuesday-Blitz-February-27-2024"]
[Site "Chess.com"]
[Date "2024.02.27"]
[Round "3"]
[White "IlanSchnaider"]
[Black "Salem-AR"]
[Result "0-1"]
[WhiteElo "2742"]
[BlackElo "3041"]
[TimeControl "180+1"]
[EndTime "8:26:51 PST"]
[Termination "Salem-AR won by checkmate"]

1. e4 c6 2. Nc3 d5 3. Nf3 Bg4 4. h3 Bh5 5. exd5 cxd5 6. g4 Bg6 7. Bb5+ Nc6 8. Ne5 Rc8 9. d4 e6 10. h4 f6 11. Nxg6 hxg6 12. a3 g5 13. h5 Bd6 14. Qe2 Kf7 15. Be3 Na5 16. Bd3 Nc4 17. Bxc4 Rxc4 18. Kf1 Qb6 19. Ne4 Nh6 20. b3 Rc7 21.
Nxd6+ Qxd6 22. Kg2 Rhc8 23. Rhc1 b5 24. f3 a6 25. a4 b4 26. Qd3 Rc3 27. Qg6+ Kg8 28. Bd2 Nxg4 29. Bxc3 Qh2+ 30. Kf1 Qf2# 0-1

[Event "Early-Titled-Tuesday-Blitz-February-27-2024"]
[Site "Chess.com"]
[Date "2024.02.27"]
[Round "3"]
[White "Ramla2020"]
[Black "olawsson"]
[Result "1-0"]
[WhiteElo "2404"]
[BlackElo "2127"]
[TimeControl "180+1"]
[EndTime "8:26:52 PST"]
[Termination "Ramla2020 won on time"]

1. c4 Nf6 2. g3 g6 3. Bg2 d5 4. Nc3 d4 5. Nd5 Nfd7 6. Nf3 e5 7. e3 c6 8. exd4 cxd5 9. cxd5 e4 10. Ne5 Nxe5 11.
dxe5 Qxd5 12. Qa4+ Bd7 13. Qxe4 Qxe4+ 14. Bxe4 Bc6 15.
Bxc6+ Nxc6 16. f4 Bc5 17. d3 Nd4 18. Kf1 f6 19. exf6 Kf7 20. Bd2 b5 21. Rc1 Rac8 22. Kg2 Kxf6 23. Rhe1 b4 24. Rc4 Bb6 25. Bxb4 Rxc4 26. dxc4 Rc8 27. b3 Kf7 28. Re4 Ne6 29. Bd6 Rd8 30. Bb4 Rd3 31. Re5 1-0

[Event "Early-Titled-Tuesday-Blitz-February-27-2024"]
[Site "Chess.com"]
[Date "2024.02.27"]
[Round "3"]
[White "Fluffey"]
[Black "Flawless_Fighter"]
[Result "0-1"]
[WhiteElo "2521"]
[BlackElo "2738"]
[TimeControl "180+1"]
[EndTime "8:26:53 PST"]
[Termination "Flawless_Fighter won on time"]

1. d3 d5 2. Nf3 Nc6 3. g3 e5 4.
Bg2 Nf6 5. O-O Bd6 6. Nc3 h6 7.
e4 dxe4 8. dxe4 O-O 9. Nh4 Bg4 10. Bf3 Be6 11. Nf5 Bxf5 12. exf5 Qd7 13. g4 Rad8 14. Be3 Rfe8 15. Ne4 Nxe4 16. Bxe4 Qe7 17. c3 Bc5 18. Qf3 Bxe3 19. Qxe3 Na5 20. Qxa7 b6 21. Qa6 Qg5 22. Qe2 Rd2 23. Qf3 Rxb2 24. Rfd1 Nc4 25. h3 h5 26. Bd5 Nd6 27. Re1 hxg4 28. hxg4 Rd2 29. Rad1 e4 30. Qg3 Rxd1 31. Rxd1 e3 32. Bf3 e2 33. Re1 Qd2 34.
Rxe2 Rxe2 35. Bxe2 Qxe2 0-1

[Event "Early-Titled-Tuesday-Blitz-February-27-2024"]
[Site "Chess.com"]
[Date "2024.02.27"]
[Round "3"]
[White "GMAkobianSTL"]
[Black "ImportedItalianMaple"]
[Result "1-0"]
[WhiteElo "2806"]
[BlackElo "2553"]
[TimeControl "180+1"]
[EndTime "8:26:54 PST"]
[Termination "GMAkobianSTL won by resignation"]

1. d4 g6 2. c4 Bg7 3. Nf3 d6 4. Nc3 c5 5. d5 Bxc3+ 6. bxc3 e5 7. e4 f5 8. exf5 gxf5 9. Bg5 Qa5 10. Rc1 Kd7 11.
Nh4 Kc7 12. Qh5 h6 13. Qf7+ Nd7 14. Bd2 Nf6 15. Nxf5 Rf8 16. Qe7 Qa6 17. Bxh6 Re8 18. Qf7 Qxa2 19. Be2 a5 20. Ng3 a4 21. O-O a3 22. Ra1 Qc2 23. Rfc1 Qb3 24. Bg5 Rf8 25. Qg7 a2 26. Bxf6 Rxf6 27. Ne4 Rf4 28. Bd3 Qb2 29. g3 Rf8 30. Qh6 Ra6 31. Qd2 Qb3 32. Kg2 Nf6 33.
Qh6 Nxe4 34. Qxf8 Nxc3 35. Qe7+ Bd7 36. Bf5 Qa4 37. Rxc3 1-0

[Event "Early-Titled-Tuesday-Blitz-February-27-2024"]
[Site "Chess.com"]
[Date "2024.02.27"]
[Round "3"]
[White "Nbk90"]
[Black "maurovargas01"]
[Result "1-0"]
[WhiteElo "2315"]
[BlackElo "1874"]
[TimeControl "180+1"]
[EndTime "8:26:54 PST"]
[Termination "Nbk90 won by checkmate"]

1. d4 d5 2. Bf4 h5 3. Nc3 a6 4. e3 e5 5. Bxe5 f6 6. Bd3 Ne7 7. Nf3 fxe5 8. Nxe5 Nd7 9. f4 Nxe5 10. fxe5 Bg4 11.
Qd2 Qd7 12. O-O O-O-O 13. b4 g5 14. a4 Bh6 15. a5 Rhf8 16. b5 Rxf1+ 17. Rxf1 axb5 18.
Bxb5 c6 19. Na4 Kb8 20. Nc5 Qc8 21. Bd3 Rf8 22. Rb1 Bf5 23. Nxb7 Kc7 24. Qb4 Rf7 25.
Qd6# 1-0

[Event "Early-Titled-Tuesday-Blitz-February-27-2024"]
[Site "Chess.com"]
[Date "2024.02.27"]
[Round "3"]
[White "AsaHoffmann"]
[Black "bolwin"]
[Result "0-1"]
[WhiteElo "2461"]
[BlackElo "2265"]
[TimeControl "180+1"]
[EndTime "8:26:55 PST"]
[Termination "bolwin won by resignation"]

1. d4 Nf6 2. Bg5 c5 3. d5 d6 4. Nc3 a6 5. a4 e5 6. dxe6 fxe6 7. e4 Be7 8. Nf3 Nc6 9. Be2 O-O 10. O-O d5 11.
Bxf6 Bxf6 12. exd5 exd5 13. Qxd5+ Qxd5 14. Nxd5 Bxb2 15. Rab1 Nd4 16. Rxb2 Nxe2+ 17. Kh1 Bg4 18. Ne5 Bf5 19. Rxb7 Bxc2 20. Rc7 Bxa4 21. Rxc5 Bb5 22. f3 Ng3+ 23.
hxg3 Bxf1 24. Ra5 Rae8 25. f4 Rb8 26. Kh2 Rb5 27. Ra1 Rxd5 28. Rxf1 Rxe5 29. Ra1 Re6 30. Kh3 Ra8 31. Ra4 a5 32. f5 Rb6 33. g4 Rb3+ 34. Kh4 Rb4 35. Ra3 a4 36. Kh5 Rb3 37. Ra1 a3 38. g5 a2 39. g6 hxg6+ 40. fxg6 Rb1 0-1

[Event "Early-Titled-Tuesday-Blitz-February-27-2024"]
[Site "Chess.com"]
[Date "2024.02.27"]
[Round "3"]
[White "rhwr"]
[Black "GKARU"]
[Result "0-1"]
[WhiteElo "2278"]
[BlackElo "2521"]
[TimeControl "180+1"]
[EndTime "8:27:01 PST"]
[Termination "GKARU won by resignation"]

1. e4 c5 2. Nf3 a6 3. d4 cxd4 4. Nxd4 Nf6 5. Nc3 e5 6. Nf3 Bb4 7. Bd3 d5 8. exd5 e4 9. Qe2 O-O 10. Bxe4 Nxe4 11. Qxe4 Re8 12. Ne5 Bxc3+ 13. bxc3 Nd7 14.
f4 f6 15. O-O fxe5 16. fxe5 Rxe5 17. Qf3 Qf6 18. Qd3 Qb6+ 19. Kh1 Nf6 20. c4 Ng4 21. Bf4 Rf5 22. Qg3 Nf6 23. Rae1 Nh5 24. Qh4 Qf6 25.
Qxf6 Rxf6 26. Bc7 Rxf1+ 27. Rxf1 Bd7 28. c5 Rc8 29. d6 Nf6 30. c4 Ne4 0-1

[Event "Early-Titled-Tuesday-Blitz-February-27-2024"]
[Site "Chess.com"]
[Date "2024.02.27"]
[Round "3"]
[White "Natalya_Buksa"]
[Black "patzersame"]
[Result "1-0"]
[WhiteElo "2599"]
[BlackElo "2400"]
[TimeControl "180+1"]
[EndTime "8:27:02 PST"]
[Termination "Natalya_Buksa won by resignation"]

1. d4 d5 2. Nc3 e6 3. Bf4 Bb4 4.
a3 Ba5 5. b4 Bb6 6. e3 Nf6 7.
Nf3 O-O 8. Ne5 a5 9. g4 axb4 10. axb4 Rxa1 11. Qxa1 Nc6 12. Nxc6 bxc6 13. g5 Ne4 14.
Nxe4 dxe4 15. c4 Bb7 16. c5 Qd5 17. cxb6 Ra8 18. Qc1 cxb6 19. Bc4 Qf5 20. Qd1 c5 21. dxc5 bxc5 22. b5 e5 23. Bg3 Qxg5 24. O-O h5 25. h4 Qf5 26. Qd6 Re8 27. Rd1 Bc8 28. Be2 g5 29. Qc6 Re7 30. Rd8+ Kg7 31. Qxc8 Re6 32. Rg8+ Kf6 33. hxg5+ Qxg5 34. Qd8+ Re7 35. Qxe7+ Kxe7 36. Rxg5 1-0

[Event "Early-Titled-Tuesday-Blitz-February-27-2024"]
[Site "Chess.com"]
[Date "2024.02.27"]
[Round "3"]
[White "joshdaruca"]
[Black "Hikaru"]
[Result "0-1"]
[WhiteElo "2778"]
[BlackElo "3243"]
[TimeControl "180+1"]
[EndTime "8:27:03 PST"]
[Termination "Hikaru won on time"]

1. b3 e5 2. Bb2 Nc6 3. Nf3 e4 4. Nd4 Nxd4 5. Bxd4 d5 6. e3 Ne7 7.
Bb2 Nf5 8. d3 Bb4+ 9. c3 Bd6 10.
dxe4 dxe4 11. Qc2 O-O 12. Nd2 Re8 13. O-O-O Qe7 14. h4 a5 15. h5 a4 16. Nc4 axb3 17.
axb3 Bc5 18. b4 Ba7 19. g4 Nh6 20. g5 Qxg5 21. Be2 Qf6 22. Rh2 Be6 23. Rg2 Rad8 24. Rdg1 Nf5 0-1

[Event "Early-Titled-Tuesday-Blitz-February-27-2024"]
[Site "Chess.com"]
[Date "2024.02.27"]
[Round "3"]
[White "gm_rashid"]
[Black "FoggyMorning"]
[Result "0-1"]
[WhiteElo "2441"]
[BlackElo "2619"]
[TimeControl "180+1"]
[EndTime "8:27:03 PST"]
[Termination "FoggyMorning won by checkmate"]

1. e4 e6 2. d4 d5 3. exd5 exd5 4. Bd3 Bd6 5. Qf3 Ne7 6. Ne2 Nbc6 7. c3 Be6 8. Bf4 Qd7 9. Nd2 Ng6 10. Bxd6 Qxd6 11.
O-O-O O-O-O 12. h4 h5 13. g3 Nce7 14. Kb1 Bg4 15.
Qe3 Rhe8 16. f3 Bf5 17. Bxf5+ Nxf5 18. Qf2 Rxe2 19. Qxe2 Nxg3 20. Qh2 Nxh1 21. Qxh1 Qf4 22. Qh3+ Kb8 23. Nb3 Qxh4 24. Qf5 Qf6 25. Qxh5 Nf4 26. Qg4 Qg6+ 27. Kc1 Nd3+ 28. Kd2 Qxg4 29. fxg4 Nxb2 30. Rf1 Nc4+ 31. Kd3 f6 32. Nc5 b6 33. Ne6 Rd7 34.
Nf8 Re7 35. Ng6 Re3+ 36. Kc2 Re2+ 37. Kd3 Rd2# 0-1

[Event "Early-Titled-Tuesday-Blitz-February-27-2024"]
[Site "Chess.com"]
[Date "2024.02.27"]
[Round "3"]
[White "krucki03"]
[Black "JaackCamel"]
[Result "1-0"]
[WhiteElo "2544"]
[BlackElo "2191"]
[TimeControl "180+1"]
[EndTime "8:27:04 PST"]
[Termination "krucki03 won by resignation"]

1. d4 d5 2. Nf3 e6 3. Bg5 Nf6 4. e3 Bd6 5. Nbd2 O-O 6. Bd3 b6 7.
c3 c5 8. O-O Bb7 9. Ne5 Nc6 10.
f4 Rc8 11. Rf3 h6 12. Bxf6 Qxf6 13. g4 Bxe5 14. dxe5 Qh4 15. Rg3 d4 16. cxd4 cxd4 17. e4 Nb4 18. Bf1 d3 19. Rh3 Qe7 20. g5 Qc5+ 21. Kh1 Nc2 22. gxh6 g6 23. Qg4 Ne3 24. Qg5 Nd5 25. exd5 Bxd5+ 26. Nf3 Qf2 27. Qf6 Bxf3+ 28. Rxf3 1-0

[Event "Early-Titled-Tuesday-Blitz-February-27-2024"]
[Site "Chess.com"]
[Date "2024.02.27"]
[Round "3"]
[White "GeorgiosSouleidis"]
[Black "jcibarra"]
[Result "0-1"]
[WhiteElo "2719"]
[BlackElo "2956"]
[TimeControl "180+1"]
[EndTime "8:27:06 PST"]
[Termination "jcibarra won on time"]

1. e4 c5 2. Be2 Nc6 3. d3 e6 4.
f4 d5 5. Nf3 Bd6 6. O-O f6 7.
c3 Nge7 8. g3 O-O 9. Be3 Qc7 10.
Nbd2 b6 11. Rc1 Bb7 12. a3 a5 13. a4 Rad8 14. Qc2 Kh8 15. Nb1 e5 16. f5 Ba6 17.
Na3 Qd7 18. Nb5 Bb8 19. Bf2 Na7 20. Nxa7 Bxa7 21. Rcd1 b5 22. axb5 Qxb5 23. Rfe1 Rb8 24. d4 c4 25. dxe5 Bxf2+ 26. Kxf2 fxe5 27. g4 Qc5+ 28. Kg2 dxe4 29. Qxe4 Bb7 30. Qxc4 Qe3 31. Qd3 Qf4 0-1

[Event "Early-Titled-Tuesday-Blitz-February-27-2024"]
[Site "Chess.com"]
[Date "2024.02.27"]
[Round "3"]
[White "TigrVShlyape"]
[Black "RantomOpening"]
[Result "1-0"]
[WhiteElo "2875"]
[BlackElo "2589"]
[TimeControl "180+1"]
[EndTime "8:27:06 PST"]
[Termination "TigrVShlyape won by resignation"]

1. d4 d5 2. Bf4 Nf6 3. e3 e6 4. Nf3 Bd6 5. Bg5 Be7 6. c3 O-O 7.
Nbd2 b6 8. Bd3 Bb7 9. Ne5 Nbd7 10. f4 Ne4 11. Bxe7 Qxe7 12. O-O f5 13. Nxd7 Qxd7 14. Nf3 a5 15. Ne5 Qe7 16. Bxe4 fxe4 17. h3 Ba6 18.
Rf2 Rae8 19. Kh2 Qh4 20. g3 Qf6 21. h4 Re7 22. Qd2 Bb5 23. Rg1 Be8 24. Qd1 h6 25. h5 Kh7 26. g4 g6 27. hxg6+ Bxg6 28. Rg3 Kg7 29. Rh3 Rh8 30. Kg3 h5 31. Rfh2 Kf8 32.
Nxg6+ Qxg6 33. Rxh5 Reh7 34. Rxh7 Rxh7 35. Qh1 Rg7 36. Rh8+ Ke7 37. Qh4+ Kd7 38. Rh6 Qf7 39. Qf6 Qg8 40. g5 c5 41. a4 cxd4 42. cxd4 Re7 43. Rh8 Qg7 44. Kg4 Kc6 45. Qxg7 Rxg7 46. Kh5 Rd7 47. g6 Rd8 1-0

[Event "Early-Titled-Tuesday-Blitz-February-27-2024"]
[Site "Chess.com"]
[Date "2024.02.27"]
[Round "3"]
[White "Rikikits"]
[Black "bulletteemo"]
[Result "1-0"]
[WhiteElo "2841"]
[BlackElo "2567"]
[TimeControl "180+1"]
[EndTime "8:27:07 PST"]
[Termination "Rikikits won on time"]

1. d4 Nf6 2. c4 e6 3. Nf3 c5 4. g3 cxd4 5. Nxd4 d5 6. Bg2 e5 7.
Nb3 d4 8. O-O Nc6 9. e3 d3 10.
Nc3 Be6 11. Nd2 Bb4 12. Qb3 Qe7 13. Nd5 Bxd5 14. cxd5 Na5 15. Qxd3 Rd8 16. a3 Bxd2 17. Bxd2 Nc6 18. Qb5 a6 19. Qb3 O-O 20. Rac1 e4 21. dxc6 Rxd2 22. c7 Qd7 23. Qxb7 Rc8 24. Qxa6 h5 25.
Qb6 Nd5 26. Qa5 Nf6 27. Bh3 Qxh3 28. Qxd2 Ng4 29. Qd8+ Kh7 30. Qh4 Qxh4 31. gxh4 Nf6 32. Rfd1 Ne8 33. Rd7 Kg6 34. b4 Kf6 35. Rc6+ Kf5 36. b5 1-0

[Event "Early-Titled-Tuesday-Blitz-February-27-2024"]
[Site "Chess.com"]
[Date "2024.02.27"]
[Round "3"]
[White "Cayse"]
[Black "losersgame"]
[Result "1-0"]
[WhiteElo "2825"]
[BlackElo "2516"]
[TimeControl "180+1"]
[EndTime "8:27:07 PST"]
[Termination "Cayse won on time"]

1. Nf3 Nc6 2. g3 e5 3. Bg2 d5 4. O-O Nge7 5. c4 g6 6. cxd5 Nxd5 7. Nc3 Nb6 8. d4 Nxd4 9. Nxe5 Bg7 10. e3 Ne6 11. f4 Qxd1 12. Rxd1 O-O 13. b3 Re8 14. Ba3 a5 15. Rac1 a4 16. Nb5 axb3 17. axb3 c6 18. Nd6 Rd8 19. Nexf7 Rf8 20. Nxc8 Rfxc8 21. Nd6 Rxa3 22.
Nxc8 Nxc8 23. Bh3 Kf7 24. Rd7+ Ne7 25. Rxb7 Nf8 26. Rxc6 Ra2 27. Bf1 Bf6 28. Bc4+ Kg7 29. Rcc7 Kh6 30. Rxe7 1-0

[Event "Early-Titled-Tuesday-Blitz-February-27-2024"]
[Site "Chess.com"]
[Date "2024.02.27"]
[Round "3"]
[White "maciek_92"]
[Black "Mesa_1"]
[Result "1-0"]
[WhiteElo "2837"]
[BlackElo "2516"]
[TimeControl "180+1"]
[EndTime "8:27:08 PST"]
[Termination "maciek_92 won by resignation"]

1. c4 Nf6 2. Nc3 g6 3. d4 d6 4. e4 Bg7 5. Be2 O-O 6. Be3 Na6 7. g4 e5 8. d5 Nd7 9. Nf3 f5 10.
gxf5 gxf5 11. exf5 Ndc5 12. Rg1 Bxf5 13. a3 Kh8 14. b4 Nd3+ 15. Bxd3 Bxd3 16. Qxd3 Rxf3 17. Ne4 Qd7 18. Ke2 Raf8 19. Rg2 Qh3 20. Rag1 Qh5 21. Ke1 Bh6 22. Bxh6 Rxd3 23. Bg7+ Kg8 24. Bxf8+ Kf7 25. Rg7+ Ke8 26. Nf6+ 1-0

[Event "Early-Titled-Tuesday-Blitz-February-27-2024"]
[Site "Chess.com"]
[Date "2024.02.27"]
[Round "3"]
[White "ChessSwole"]
[Black "Larina_Maria"]
[Result "1-0"]
[WhiteElo "2702"]
[BlackElo "2307"]
[TimeControl "180+1"]
[EndTime "8:27:09 PST"]
[Termination "ChessSwole won by checkmate"]

1. e4 c6 2. d4 d5 3. exd5 cxd5 4. Bd3 Nc6 5. c3 e5 6. dxe5 Nxe5 7. Bb5+ Nc6 8. Nf3 Bd6 9. O-O Ne7 10. h3 O-O 11. Re1 a6 12. Bd3 Re8 13. Nbd2 Ng6 14. Nb3 Nf4 15. Rxe8+ Qxe8 16. Bxf4 Bxf4 17. Qc2 g6 18. Re1 Qd8 19. Qe2 Bd7 20. Nbd4 Qf6 21. Qd1 Bd6 22. Bc2 Rd8 23. Bb3 Nxd4 24. Nxd4 Qf4 25.
Nf3 Bc6 26. Bxd5 Bc7 27. c4 Bxd5 28. cxd5 Qf5 29. Qb3 Qxd5 30. Re8+ Kg7 31. Qc3+ f6 32. Qxc7+ Rd7 33. Re7+ Rxe7 34. Qxe7+ Kh6 35. Qf8+ Kh5 36. g4# 1-0

[Event "Early-Titled-Tuesday-Blitz-February-27-2024"]
[Site "Chess.com"]
[Date "2024.02.27"]
[Round "3"]
[White "ploxoi"]
[Black "Juwen"]
[Result "1-0"]
[WhiteElo "2460"]
[BlackElo "2604"]
[TimeControl "180+1"]
[EndTime "8:27:10 PST"]
[Termination "ploxoi won by resignation"]

1. d4 Nf6 2. c4 e6 3. g3 d5 4. Nf3 Bb4+ 5. Bd2 Be7 6. Bg2 O-O 7. O-O c6 8. Qc2 Nbd7 9. Rd1 a5 10. Bf4 a4 11.
Nc3 Qa5 12. Ne5 Nxe5 13. Bxe5 Nd7 14. Bf4 f5 15. Rac1 Nf6 16. cxd5 exd5 17. b3 axb3 18.
Qxb3 Qb4 19. Rb1 Qxb3 20. Rxb3 b5 21. Rc1 b4 22. Nd1 Rxa2 23. Rxc6 Rxe2 24. Re3 Ba6 25.
Rxa6 1-0

[Event "Early-Titled-Tuesday-Blitz-February-27-2024"]
[Site "Chess.com"]
[Date "2024.02.27"]
[Round "3"]
[White "Brahianzevich"]
[Black "MANOJ_MISHRA123"]
[Result "1-0"]
[WhiteElo "2482"]
[BlackElo "2257"]
[TimeControl "180+1"]
[EndTime "8:27:10 PST"]
[Termination "Brahianzevich won by resignation"]

1. e4 c5 2. Nf3 d6 3. d4 cxd4 4. Nxd4 Nf6 5. Nc3 a6 6. Bg5 Nbd7 7. f4 h6 8. Bh4 e6 9. Qe2 Be7 10. O-O-O Qc7 11. g4 g5 12. fxg5 hxg5 13. Bxg5 b5 14. Bg2 b4 15. e5 bxc3 16. exf6 Qa5 17. fxe7 Qxg5+ 18. Kb1 Rb8 19. b3 Qa5 20. Qe3 Ne5 21. Nc6 Nxc6 22. Bxc6+ Kxe7 23. Rhf1 Rxh2 24. Qf4 Qa3 25.
Qf6+ 1-0

[Event "Early-Titled-Tuesday-Blitz-February-27-2024"]
[Site "Chess.com"]
[Date "2024.02.27"]
[Round "3"]
[White "BogdanDeac"]
[Black "chesstrainer2042"]
[Result "0-1"]
[WhiteElo "2978"]
[BlackElo "2550"]
[TimeControl "180+1"]
[EndTime "8:27:11 PST"]
[Termination "chesstrainer2042 won by resignation"]

1. b3 e5 2. Bb2 Nc6 3. Nf3 d6 4. c4 g6 5. d3 Bg7 6. g3 Nf6 7. Bg2 O-O 8. O-O Nh5 9. Nbd2 e4 10. Bxg7 exf3 11. Bxf8 fxg2 12. Kxg2 Qxf8 13. Nf3 Bg4 14. d4 Re8 15. e3 Qh6 16. Rh1 Bh3+ 17. Kg1 Nf6 18.
d5 Ne7 19. Nd4 Ne4 20. Qf3 Nf5 21. Nxf5 Bxf5 22. Qf4 Ng5 23. Kf1 Re4 0-1

[Event "Early-Titled-Tuesday-Blitz-February-27-2024"]
[Site "Chess.com"]
[Date "2024.02.27"]
[Round "3"]
[White "koncheto"]
[Black "wadsy27"]
[Result "1-0"]
[WhiteElo "2456"]
[BlackElo "2603"]
[TimeControl "180+1"]
[EndTime "8:27:11 PST"]
[Termination "koncheto won by resignation"]

1. e4 e6 2. d4 d5 3. Nd2 Be7 4. c3 c5 5. exd5 exd5 6. Ngf3 Nf6 7. dxc5 Bxc5 8. Bd3 O-O 9. O-O Nc6 10. h3 h6 11. Nb3 Bb6 12. Re1 Be6 13. Be3 Bc7 14. Nbd4 a6 15. Qd2 Ne4 16. Qc2 Nxd4 17. Nxd4 Bxh3 18.
gxh3 Qh4 19. Kg2 Rae8 20. Qb3 Re5 21. Nf3 Qh5 22. Nxe5 Qxe5 23. Bxe4 Qxe4+ 24. Kg1 Qg6+ 25. Kf1 Qd3+ 26. Re2 Re8 27. Rd1 Qe4 28. Qxd5 1-0